 Dungeon Crawl Stone Soup version 0.32-a0-290-g598725c5f2 (webtiles) character file.

Game seed: 1541617788723136759

4798 cforsyth the Fighter (level 10, -2/82 HPs)
             Began as a Djinni Hexslinger on Feb 13, 2024.
             Killed from afar by a white imp (13 damage)
             ... with a puff of frost
             ... on level 8 of the Dungeon.
             The game lasted 00:11:44 (7318 turns).

cforsyth the Fighter (Djinni Hexslinger)            Turns: 7318, Time: 00:11:44

Health: -2/82      AC:  4    Str:  7    XL:     10   Next: 76%
Gold:   350        EV: 12    Int: 18    God:
                   SH:  0    Dex: 17

rFire   + + .        a - +1 sling
rCold   x . .        (no shield)
rNeg    . . .        c - +0 robe
rPois   ∞            m - +0 helmet
rElec   .            (no cloak)
rCorr   .            A - +0 pair of gloves
SInv    .            (boots unavailable)
Will    +....        (no amulet)
Stlth   ++           (no ring)
HPRegen 0.33/turn    (no ring)
MPRegen 0.00/turn

%: infuse magic (-3 HP)
@: flying, studying Unarmed Combat
A: sickness immunity, fire resistance 2, cold vulnerability 1, float, innate
caster, HP casting, extra vitality 1
a: no special abilities


You were on level 8 of the Dungeon.
You visited 1 branch of the dungeon, and saw 8 of its levels.

You collected 350 gold pieces.


Innate Abilities, Weirdness & Mutations

You are immune to sickness and miasma.
You are immune to poison.
Your flesh is very heat resistant. (rF++)
You are vulnerable to cold. (rC-)
You float through the air rather than walking.
You learn spells naturally, not from books.
Your magical power is your life essence.
You have superior vitality. (+4 MHP)


   Skills:
 + Level 11.0 Fighting
 - Level 1.5 Ranged Weapons
 - Level 2.1 Dodging
 + Level 8.7 Spellcasting
 + Level 8.7 Conjurations
 + Level 8.7 Hexes
 + Level 8.7 Summonings
 + Level 8.7 Necromancy
 + Level 8.7 Translocations
 + Level 8.7 Fire Magic
 + Level 8.7 Ice Magic
 + Level 8.7 Air Magic
 + Level 8.7 Earth Magic
 + Level 8.7 Alchemy


You knew the following spells:

 Your Spells              Type           Power      Damage    Failure   Level
a - Scorch                Fire           78%        2d8       1%          2
b - Momentum Strike       Conj/Tloc      78%        3d10      1%          2
c - Cause Fear            Hex            19%        N/A       2%          4
d - Animate Armour        Summ/Erth      78%        N/A       2%          4
f - Inner Flame           Hex/Fire       39%        N/A       1%          3
z - Summon Small Mammal   Summ           100%       N/A       1%          1
X - Jinxbite              Hex            78%        N/A       1%          2
Y - Sigil of Binding      Hex            39%        N/A       1%          3
Z - Dimensional Bullseye  Hex/Tloc       19%        N/A       2%          4
Your spell library was empty.

Inventory:

Hand Weapons
 a - a +1 sling (weapon)
Armour
 c - a +0 robe (worn)
 m - a +0 helmet (worn)
 A - a +0 pair of gloves (worn)
 B - a scarf of shadows
Magical Staves
 i - a staff of air {!a}
Wands
 l - a wand of digging (14)
 n - a wand of flame (36)
Scrolls
 b - a scroll of poison
 d - 2 scrolls of amnesia {unknown}
 h - 3 scrolls of teleportation {unknown}
 j - 9 scrolls of identify {unknown}
 k - 3 scrolls of immolation {unknown}
 q - 2 scrolls of vulnerability {unknown}
 r - a scroll of enchant armour {unknown}
 s - a scroll of brand weapon {unknown}
 t - a scroll of summoning {unknown}
 u - a scroll of enchant weapon {unknown}
 v - a scroll of noise {unknown}
 w - a scroll of torment {unknown}
 y - 2 scrolls of blinking {unknown}
Potions
 e - a potion of cancellation {unknown}
 f - 2 potions of curing {@q1}
 g - 4 potions of enlightenment {unknown}
 o - a potion of brilliance {unknown}
 p - a potion of heal wounds {unknown}
 x - 2 potions of mutation {unknown}
 z - a potion of ambrosia {unknown}
 C - a potion of might {unknown}
 D - a potion of attraction {unknown}

Dungeon Overview and Level Annotations

Branches:
Dungeon (8/15)             Temple (0/1) D:4
   Lair: D:8-11

Altars:
Ashenzari
Hepliaklqana

Shops:
D:3 (

Annotations:
D:4 1 runed translucent door, Crazy Yiuf

..##........... #..
.........>o..... #..
............... ##.
#............# #.
#...........# #. #...........#
##. #..5.......# #..
#.........# #.. ###...@.....##
##.. ▒
####............#######...
▒.###$..§§§##.................
▒......§§°#####...............
▒.......§§# ###.............
▒........## ##...#####....
..........# ##..# #....
..........# #..#####....
..........# ###...........


You could see an orc wizard and a white imp.


Message History

Aiming: Inner Flame (safe; 1% risk of failure)
Press: ? - help, Dir - move target, f - wolf
Aim: a wolf (chance to affect: 89%)
The wolf is filled with an inner flame.
* * * LOW HITPOINT WARNING * * *
The wolf barely misses you. The wolf misses you.
The wolf bites you but does no damage.
The wolf is engulfed in blazing flames.
Flame seeps out of the wolf.
The wolf bites you.
* * * LOW HITPOINT WARNING * * *
You are too injured to fight recklessly!
Casting: Inner Flame (safe; 1% risk of failure)
Confirm with . or Enter, or press ? or * to list all spells.
Flames lash the wolf.
Flame seeps out of the wolf.
The wolf is severely wounded.
The wolf's fire resistance burns away.
* * * LOW HITPOINT WARNING * * *
The wolf is engulfed in blazing flames.
The wolf explodes!
The fiery explosion engulfs you! You resist.
* * * LOW HITPOINT WARNING * * *
Your Fighting skill increases to level 11!
Unknown command.
A white imp comes into view.
Found a stone staircase leading down.
An orc wizard comes into view. It is wielding a +0 dagger.
The white imp disappears for a moment.
The white imp gestures at you. The puff of frost hits you!
You feel a terrible chill!
You die...

Skill      XL: |  1  2  3  4  5  6  7  8  9 10 |
---------------+-------------------------------+-----
Spellcasting   | 3 4 5 6 7 8 |  8.7
Conjurations   | 3 4 5 6 7 8 |  8.7
Hexes          | 3 4 5 6 7 8 |  8.7
Summonings     | 3 4 5 6 7 8 |  8.7
Necromancy     | 3 4 5 6 7 8 |  8.7
Translocations | 3 4 5 6 7 8 |  8.7
Fire Magic     | 3 4 5 6 7 8 |  8.7
Ice Magic      | 3 4 5 6 7 8 |  8.7
Air Magic      | 3 4 5 6 7 8 |  8.7
Earth Magic    | 3 4 5 6 7 8 |  8.7
Alchemy        | 3 4 5 6 7 8 |  8.7
Fighting       | 2 3 4 6 8 9 11 | 11.0
Ranged Weapons | |  1.5
Dodging        | |  2.1

Action                     |  1- 3 |  4- 6 |  7- 9 | 10-12 || total
---------------------------+-------+-------+-------+-------++-------
   Fire: Sling             |    65 |    90 |    63 |    27 ||   245
   Cast: Jinxbite          |    11 |    12 |       |       ||    23
         Scorch            |       |    11 |    57 |    30 ||    98
         Inner Flame       |       |     2 |    54 |    28 ||    84
         Cause Fear        |       |       |     4 |       ||     4
    Use: Potion            |       |       |     1 |       ||     1
 Armour: Robe              |    15 |    42 |    29 |    22 ||   108
  Dodge: Dodged            |    16 |    33 |    11 |    11 ||    71

Levels and vault maps discovered:
D:1:      reono_arrival_mine, layout_loops_ring,
          dreamdust_ecumenical_altar_sealed_demon, minmay_misc_feat_five,
          lexackson_kobold_supper
D:2:      layout_basic, basic_altar, nrook_loot_triangle, uniq_robin
D:3:      layout_basic, serial_shops, shop_fountains
D:4:      layout_cave_pools, temple_green,
          serial_library_regret_index_branch_corner, uniq_edmund,
          uniq_eustachio, uniq_grinder, uniq_crazy_yiuf_cottage, uniq_menkaure
D:5:      layout_rooms, minmay_manual_mail, uniq_pikel
D:6:      layout_rooms, mainiacjoe_overflow_surrounded_room, uniq_duvessa,
          uniq_blork_the_orc
D:7:      layout_basic
D:8:      layout_layer_cave, nicolae_gozag_seed_capital,
          nicolae_overflow_hallway_of_the_gods, erik_lair_orcish_takeover,
          serial_shops, shop, kennysheep_generic_room_8, uniq_jeremiah,
          uniq_maggie

Notes
Turn   | Place    | Note
-------+----------+-------------------------------------------
     0 | D:1      | cforsyth the Djinni Hexslinger began the quest for the Orb.
     0 | D:1      | cforsyth set off with the following spells memorised:
                  | Jinxbite, Sigil of Binding, Inner Flame, Cause Fear,
                  | Dimensional Bullseye.
     0 | D:1      | Reached XP level 1. HP: 17/17 MP: 0/0
    80 | D:1      | Found a faded altar of an unknown god.
    80 | D:1      | Noticed an orange demon
   119 | D:1      | Reached XP level 2. HP: 22/22 MP: 0/0
   137 | D:1      | Reached skill level 3 in Spellcasting
   137 | D:1      | Reached skill level 3 in Conjurations
   137 | D:1      | Reached skill level 3 in Hexes
   137 | D:1      | Reached skill level 3 in Summonings
   137 | D:1      | Reached skill level 3 in Necromancy
   137 | D:1      | Reached skill level 3 in Translocations
   137 | D:1      | Reached skill level 3 in Fire Magic
   137 | D:1      | Reached skill level 3 in Ice Magic
   137 | D:1      | Reached skill level 3 in Air Magic
   137 | D:1      | Reached skill level 3 in Earth Magic
   137 | D:1      | Reached skill level 3 in Alchemy
   236 | D:1      | Reached skill level 2 in Fighting
   236 | D:1      | Reached XP level 3. HP: 27/28 MP: 0/0
   236 | D:1      | Learned a level 1 spell: Summon Small Mammal
   617 | D:1      | Reached XP level 4. HP: 31/34 MP: 0/0
   805 | D:2      | Noticed Robin
  1133 | D:1      | Reached skill level 3 in Fighting
  1151 | D:1      | Killed Robin
  1234 | D:2      | Reached XP level 5. HP: 21/40 MP: 0/0
  1234 | D:2      | Learned a level 2 spell: Scorch
  1553 | D:2      | Found a broken altar of Ashenzari.
  1823 | D:3      | Found Wifyhouco's Antique Weapon Emporium.
  2752 | D:4      | Noticed Grinder
  2754 | D:4      | Paralysed by Grinder for 4 turns
  2760 | D:4      | Killed Grinder
  2761 | D:4      | Reached skill level 4 in Fighting
  2761 | D:4      | Reached skill level 4 in Spellcasting
  2761 | D:4      | Reached skill level 4 in Conjurations
  2761 | D:4      | Reached skill level 4 in Hexes
  2761 | D:4      | Reached skill level 4 in Summonings
  2761 | D:4      | Reached skill level 4 in Necromancy
  2761 | D:4      | Reached skill level 4 in Translocations
  2761 | D:4      | Reached skill level 4 in Fire Magic
  2761 | D:4      | Reached skill level 4 in Ice Magic
  2761 | D:4      | Reached skill level 4 in Air Magic
  2761 | D:4      | Reached skill level 4 in Earth Magic
  2761 | D:4      | Reached skill level 4 in Alchemy
  2761 | D:4      | Reached XP level 6. HP: 18/48 MP: 0/0
  2868 | D:4      | Noticed Edmund
  2870 | D:4      | Reached XP level 7. HP: 52/53 MP: 0/0
  2870 | D:4      | Learned a level 2 spell: Momentum Strike
  2875 | D:4      | HP: 2/53 [Edmund/+3 flail of protection (10)]
  3105 | D:4      | Reached skill level 5 in Fighting
  3468 | D:4      | Noticed Eustachio
  3492 | D:4      | Killed Eustachio
  3493 | D:4      | Reached skill level 5 in Spellcasting
  3493 | D:4      | Reached skill level 5 in Conjurations
  3493 | D:4      | Reached skill level 5 in Hexes
  3493 | D:4      | Reached skill level 5 in Summonings
  3493 | D:4      | Reached skill level 5 in Necromancy
  3493 | D:4      | Reached skill level 5 in Translocations
  3493 | D:4      | Reached skill level 5 in Fire Magic
  3493 | D:4      | Reached skill level 5 in Ice Magic
  3493 | D:4      | Reached skill level 5 in Air Magic
  3493 | D:4      | Reached skill level 5 in Earth Magic
  3493 | D:4      | Reached skill level 5 in Alchemy
  3570 | D:4      | Noticed Menkaure
  3574 | D:4      | Killed Menkaure
  3575 | D:4      | Reached skill level 6 in Fighting
  3575 | D:4      | Reached XP level 8. HP: 24/61 MP: 0/0
  3729 | D:4      | Found a staircase to the Ecumenical Temple.
  3793 | D:4      | Killed Edmund
  4155 | D:4      | Found a runed translucent door.
  4156 | D:4      | Noticed Crazy Yiuf
  4173 | D:5      | Entered Level 5 of the Dungeon
  4280 | D:5      | Reached skill level 7 in Fighting
  4288 | D:5      | Reached skill level 6 in Spellcasting
  4288 | D:5      | Reached skill level 6 in Conjurations
  4288 | D:5      | Reached skill level 6 in Hexes
  4288 | D:5      | Reached skill level 6 in Summonings
  4288 | D:5      | Reached skill level 6 in Necromancy
  4288 | D:5      | Reached skill level 6 in Translocations
  4288 | D:5      | Reached skill level 6 in Fire Magic
  4288 | D:5      | Reached skill level 6 in Ice Magic
  4288 | D:5      | Reached skill level 6 in Air Magic
  4288 | D:5      | Reached skill level 6 in Earth Magic
  4288 | D:5      | Reached skill level 6 in Alchemy
  4520 | D:5      | Noticed Pikel
  4532 | D:5      | Killed Pikel
  4533 | D:5      | Reached skill level 8 in Fighting
  4533 | D:5      | Reached XP level 9. HP: 28/70 MP: 0/0
  4533 | D:5      | Learned a level 4 spell: Animate Armour
  5105 | D:6      | Reached skill level 7 in Spellcasting
  5105 | D:6      | Reached skill level 7 in Conjurations
  5105 | D:6      | Reached skill level 7 in Hexes
  5105 | D:6      | Reached skill level 7 in Summonings
  5105 | D:6      | Reached skill level 7 in Necromancy
  5105 | D:6      | Reached skill level 7 in Translocations
  5105 | D:6      | Reached skill level 7 in Fire Magic
  5105 | D:6      | Reached skill level 7 in Ice Magic
  5105 | D:6      | Reached skill level 7 in Air Magic
  5105 | D:6      | Reached skill level 7 in Earth Magic
  5105 | D:6      | Reached skill level 7 in Alchemy
  5427 | D:6      | Reached skill level 9 in Fighting
  5473 | D:6      | Noticed Duvessa
  5479 | D:6      | Noticed Dowan
  5479 | D:6      | Killed Duvessa
  5544 | D:6      | Killed Dowan
  5704 | D:6      | Noticed Blork the orc
  5707 | D:6      | Killed Blork the orc
  5708 | D:6      | Reached XP level 10. HP: 73/78 MP: 0/0
  5943 | D:6      | Found a hazy altar of Hepliaklqana.
  6305 | D:7      | Reached skill level 10 in Fighting
  6305 | D:7      | Reached skill level 8 in Spellcasting
  6305 | D:7      | Reached skill level 8 in Conjurations
  6305 | D:7      | Reached skill level 8 in Hexes
  6305 | D:7      | Reached skill level 8 in Summonings
  6305 | D:7      | Reached skill level 8 in Necromancy
  6305 | D:7      | Reached skill level 8 in Translocations
  6305 | D:7      | Reached skill level 8 in Fire Magic
  6305 | D:7      | Reached skill level 8 in Ice Magic
  6305 | D:7      | Reached skill level 8 in Air Magic
  6305 | D:7      | Reached skill level 8 in Earth Magic
  6305 | D:7      | Reached skill level 8 in Alchemy
  7315 | D:8      | Reached skill level 11 in Fighting
  7318 | D:8      | Killed from afar by a white imp

Vanquished Creatures
  Pikel (D:5)
  Grinder (D:4)
  5 yaks (D:8)
  Eustachio (D:4)
  A wyvern (D:8)
  A warg (D:8)
  A steam dragon (D:6)
  Menkaure (D:4)
  Edmund (D:4)
  A water moccasin (D:6)
  Duvessa (D:6)
  2 orc warriors
  An ice beast (D:6)
  2 sky beasts (D:7)
  2 black bears (D:7)
  A wolf (D:8)
  An ogre (D:6)
  2 lemures (D:5)
  4 phantoms
  Blork the orc (D:6)
  5 bullfrogs
  2 scorpions
  Dowan (D:6)
  3 howler monkeys
  4 bombardier beetles
  A hound (D:5)
  2 orc priests (D:4)
  2 sleepcaps (D:5)
  2 iguanas
  4 orc wizards
  Robin (D:1)
  4 gnolls (D:4)
  5 adders
  3 dart slugs
  13 orcs
  5 bats
  An endoplasm (D:1)
  A giant cockroach (D:3)
  12 goblins
  11 hobgoblins
  3 jackals (D:1)
  6 quokkas
  5 ball pythons
  4 frilled lizards
  9 kobolds
  5 rats
145 creatures vanquished.

Table legend: (Time is in decaauts)
 A = Elapsed time spent in this place.
 B = Non-inter-level travel time spent in this place.
 C = Inter-level travel time spent in this place.
 D = Time resting spent in this place.
 E = Time spent auto-exploring this place.
 F = Levels seen in this place.
 G = Mean time per level.
                   A        B        C        D        E       F      G
               +--------+--------+--------+--------+--------+-----+--------+
         Total |   7405 |   7242 |    163 |   1189 |   4975 |   8 |  925.6 |
       Dungeon |   7405 |   7242 |    163 |   1189 |   4975 |   8 |  925.6 |
               +--------+--------+--------+--------+--------+-----+--------+

Top non-repeatable levels by time:
     D:3: 1388 daAuts
     D:5: 1234 daAuts
     D:1: 1078 daAuts
     D:4: 992 daAuts
     D:7: 988 daAuts
     D:2: 778 daAuts
     D:6: 705 daAuts
     D:8: 240 daAuts

Table legend:
 A = Non-vault XP
 B = Vault XP
 C = Vault XP percentage of total XP
 D = Non-vault monster count
 E = Vault monster count
 F = Vault count percentage of total count
                 A         B        C        D         E       F
            +---------+---------+-------+---------+---------+-------
      Total |    4490 |    2365 |  34.5 |     109 |      34 |  23.8
            +---------+---------+-------+---------+---------+-------
        D:1 |      69 |      49 |  41.5 |      24 |      14 |  36.8
        D:2 |      24 |      18 |  42.9 |       9 |       6 |  40.0
        D:3 |      57 |       0 |   0.0 |      12 |       0 |   0.0
        D:4 |     316 |     839 |  72.6 |      15 |       4 |  21.1
        D:5 |     394 |     833 |  67.9 |      12 |       5 |  29.4
        D:6 |    1128 |     316 |  21.9 |      15 |       3 |  16.7
        D:7 |    1189 |       0 |   0.0 |      15 |       0 |   0.0
        D:8 |    1313 |     310 |  19.1 |       7 |       2 |  22.2
            +---------+---------+-------+---------+---------+-------
